 Dungeon Crawl Stone Soup version 0.31-a0-875-g02e7d12df6 (webtiles) character file.

Game seed: 4925582980008750272

139 LeprechaunX the Changeling (level 5, -7/34 HPs)
             Began as an Octopode Shapeshifter on Oct 12, 2023.
             Killed from afar by Ijyb (17 damage)
             ... with a bolt of dispelling energy
             ... on level 3 of the Dungeon.
             The game lasted 00:02:17 (1480 turns).

LeprechaunX the Changeling (Octopode Shapeshifter)  Turns: 1480, Time: 00:02:18

Health: -7/34      AC:  1    Str: 15    XL:     5   Next: 22%
Magic:  5/5        EV: 13    Int: 12    God:
Gold:   62         SH:  0    Dex: 12    Spells: 4/4 levels left

rFire   . . .        j - +0 dagger (speed)
rCold   . . .        (no shield)
rNeg    . . .        (helmet currently unavailable)
rPois   .            (no amulet)
rElec   .            (no ring)
rCorr   .            (no ring)
SInv    .            (no ring)
Will    .....        (no ring)
Stlth   ++           (no ring)
HPRegen 0.25/turn    (no ring)
MPRegen 0.09/turn    (no ring)
                     (no ring)

%: no passive effects
@: beast-form
A: beast (slay +2), almost no armour, amphibious, 8 rings, camouflage 1,
gelatinous body 1, (nimble swimmer 1), tentacles
a: Begin Untransformation


You were on level 3 of the Dungeon.
You were a hulking beast.
You visited 1 branch of the dungeon, and saw 3 of its levels.

You collected 62 gold pieces.

Inventory:

Hand Weapons
 j - a +0 dagger of speed (weapon)
Missiles
 m - a throwing net
Talismans
 b - a beast talisman (active)
 c - a flux talisman
Scrolls
 i - 3 scrolls of teleportation {unknown}
 k - 2 scrolls of identify {unknown}
 l - a scroll of blinking {unknown}
 n - a scroll of immolation {unknown}
Potions
 a - a potion of lignification
 d - 2 potions of curing {unknown}
 e - a potion of brilliance {unknown}
 f - a potion of haste {unknown}
 g - 3 potions of heal wounds {unknown}
 h - a potion of cancellation {unknown}


   Skills:
 + Level 2.2 Fighting
 + Level 2.8 Dodging
 + Level 3.6 Unarmed Combat
 * Level 4.1 Shapeshifting


You had 4 spell levels left.
You didn't know any spells.
Your spell library contained the following spells:

 Spells                   Type           Power      Damage    Failure   Level
 Ensorcelled Hibernation  Hex/Ice        0%         N/A       45%         2
 Jinxbite                 Hex            0%         N/A       45%         2
 Anguish                  Hex/Necr       0%         N/A       97%         4


Dungeon Overview and Level Annotations

Branches:
Dungeon (3/15)

Altars:

Annotations:
D:3 Ijyb


Innate Abilities, Weirdness & Mutations

You are a hulking beast.
Your limbs bulge with bestial killing power. (Slay +2)
You cannot wear most types of armour.
You are amphibious.
You can wear up to eight rings at the same time.
Your skin changes colour to match your surroundings (Stealth+).
Your rubbery body absorbs attacks. (AC +1, EV +1)
((You are camouflaged when in or above water. (Stealth+)))
You have tentacles for arms and can constrict up to eight enemies at once.


Message History

The adder is heavily wounded.
You constrict the adder.
You feel sick.
Ijyb screams, "Me very upset!"
You hit the adder.
You kill the adder!
You feel sick.
Found a stone staircase leading up.
You feel sick.
Ijyb hits you with a +2 dagger of holy wrath.
You closely miss Ijyb. You grab Ijyb. You constrict Ijyb, but do no damage.
Ijyb screams, "I dance on your bones!"
Ijyb hits you with a +2 dagger of holy wrath.
You are too injured to fight recklessly!
You are too injured to fight recklessly!
You are too injured to fight recklessly!
You are too injured to fight recklessly!
Unknown command.
Unknown command.
Unknown command.
You barely miss Ijyb. You squeeze Ijyb.
Ijyb is lightly wounded.
You constrict Ijyb.
You feel sick.
Ijyb hits you with a +2 dagger of holy wrath.
* * * LOW HITPOINT WARNING * * *
Unknown command.
Unknown command.
You hit Ijyb.
Ijyb is moderately wounded.
You constrict Ijyb, but do no damage.
You feel sick.
You are no longer poisoned.
Unknown command.
You barely miss Ijyb.
Your tentacle-slap misses Ijyb.
Ijyb is moderately wounded.
You constrict Ijyb.
Ijyb zaps a wand.
The bolt of dispelling energy misses you.
Unknown command.
You hit Ijyb but do no damage. You squeeze Ijyb!
Ijyb is severely wounded.
You constrict Ijyb.
Ijyb zaps a wand.
The bolt of dispelling energy hits you!
Ouch! That really hurt!
You die...

.....#...# .....#...#
.<...#...# ##
#....(...# ..
.........# ###.
#........# ....
#......g.#
#..#########h.#
..##............#
..[.......####.##
#..(...###.#
#.#<#...##.# #
#.#.#.##.# #[#.#..#.#
#.#.##...##
#.#.###...#############


You could see Ijyb.

Vanquished Creatures
  A scorpion (D:3)
  Terence (D:3)
  An adder (D:3)
  2 bats (D:1)
  5 endoplasms
  4 giant cockroaches
  5 goblins
  6 hobgoblins
  6 kobolds
  3 quokkas
  6 ball pythons
  3 frilled lizards
  2 rats
45 creatures vanquished.

Notes
Turn   | Place    | Note
-------+----------+-------------------------------------------
     0 | D:1      | LeprechaunX the Octopode Shapeshifter began the quest for
                  | the Orb.
     0 | D:1      | Reached XP level 1. HP: 13/13 MP: 1/1
    46 | D:1      | Reached XP level 2. HP: 16/18 MP: 2/2
   364 | D:1      | Reached XP level 3. HP: 13/23 MP: 3/3
   872 | D:2      | Upgraded the game from 0.31-a0-868-g674d60d6f7 to
                  | 0.31-a0-875-g02e7d12df6
  1284 | D:3      | Noticed a scorpion
  1298 | D:3      | Killed a scorpion
  1299 | D:3      | Reached XP level 4. HP: 15/29 MP: 4/4
  1422 | D:3      | Noticed Terence
  1430 | D:3      | Killed Terence
  1431 | D:3      | Reached skill level 4 in Shapeshifting
  1431 | D:3      | Reached XP level 5. HP: 34/34 MP: 5/5
  1468 | D:3      | Noticed Ijyb
  1480 | D:3      | Killed from afar by Ijyb

Illustrated notes

Levels and vault maps discovered:
D:1:      psy_arrival_terrarium, layout_basic
D:2:      layout_rooms
D:3:      layout_basic, ashenzari_conservatory_becter,
          nicolae_qazlal_general_emergency, minmay_goblin_outpost, uniq_terence,
          uniq_ijyb, uniq_grinder

Skill      XL: |  1  2  3  4 |
---------------+-------------+-----
Fighting       | 2 |  2.2
Shapeshifting  | 4 |  4.1
Dodging        | |  2.8
Unarmed Combat | |  3.6

Action                     |  1- 3 |  4- 6 || total
---------------------------+-------+-------++-------
  Melee: Unarmed           |    50 |       ||    50
         Constrict         |    18 |     3 ||    21
         Punch             |     3 |       ||     3
         Tentacles         |    16 |     5 ||    21
         Dagger            |    29 |    18 ||    47
   Stab: Sleeping          |    10 |     1 ||    11
         Distracted        |     1 |       ||     1
 Armour: Skin              |    25 |     6 ||    31
  Dodge: Dodged            |    32 |     5 ||    37

Table legend: (Time is in decaauts)
 A = Elapsed time spent in this place.
 B = Non-inter-level travel time spent in this place.
 C = Inter-level travel time spent in this place.
 D = Time resting spent in this place.
 E = Time spent auto-exploring this place.
 F = Levels seen in this place.
 G = Mean time per level.
                   A        B        C        D        E       F      G
               +--------+--------+--------+--------+--------+-----+--------+
         Total |   1461 |   1388 |     73 |      0 |   1125 |   3 |  487.0 |
       Dungeon |   1461 |   1388 |     73 |      0 |   1125 |   3 |  487.0 |
               +--------+--------+--------+--------+--------+-----+--------+

Top non-repeatable levels by time:
     D:1: 721 daAuts
     D:2: 533 daAuts
     D:3: 205 daAuts
